 Dungeon Crawl Stone Soup version 0.31-a0-636-ge1c0e020e0 (webtiles) character file.

Game seed: 707132460586792446

317 Mickster the Chopper (level 6, -4/55 HPs)
             Began as a Hill Orc Berserker on Aug 27, 2023.
             Was a Believer of Trog.
             Slain by a sleepcap (6 damage)
             ... on level 4 of the Dungeon.
             The game lasted 00:17:36 (2991 turns).

Mickster the Chopper (Hill Orc Berserker)           Turns: 2991, Time: 00:17:37

Health: -4/55      AC: 12    Str: 22    XL:     6   Next: 45%
Magic:  6/6        EV:  6    Int:  7    God:    Trog [**....]
Gold:   230        SH:  0    Dex: 10    Spells: 5/5 levels left

rFire   . . .        t - +2 hand axe (heavy)
rCold   . . .        (no shield)
rNeg    . . .        h - +1 plate armour
rPois   .            (no helmet)
rElec   .            (no cloak)
rCorr   .            (no gloves)
SInv    .            (no boots)
Will    .....        (no amulet) Stlth
                     (no ring)
HPRegen 0.29/turn    (no ring)
MPRegen 0.10/turn

%: no passive effects
@: attractive
A: no striking features
a: Renounce Religion, Berserk, Trog's Hand


You were on level 4 of the Dungeon.
You worshipped Trog.
Trog was pleased with you.
You visited 1 branch of the dungeon, and saw 4 of its levels.

You collected 230 gold pieces.

Inventory:

Hand Weapons
 a - a +0 hand axe
 t - a +2 heavy hand axe (weapon)
Missiles
 i - 4 poisoned darts
 m - 43 stones
Armour
 b - a +0 animal skin
 d - a +0 ring mail
 g - a +1 chain mail
 h - a +1 plate armour (worn)
Talismans
 f - a beast talisman
 j - a flux talisman
Wands
 l - a wand of polymorph (8)
Scrolls
 c - 4 scrolls of identify
 n - a scroll of fog
 p - a scroll of teleportation
 q - a scroll of poison {unknown}
Potions
 e - 3 potions of enlightenment
 k - a potion of might {unknown}
 o - a potion of attraction
 r - a potion of mutation {unknown}
 s - a potion of cancellation {unknown}
 u - a potion of heal wounds {unknown}


   Skills:
 + Level 4.9 Fighting
 * Level 7.5 Axes
 + Level 3.6 Armour
 + Level 1.8 Dodging
 + Level 0.1 Stealth


You had 5 spell levels left.
You didn't know any spells.
Your spell library was empty.

Dungeon Overview and Level Annotations

Branches:
Dungeon (4/15)
 Temple: D:4-7

Altars:
Qazlal
Xom
The Shining One

Shops:
D:2 :   D:3 =   D:4 *


Message History

You hit the sleepcap.
The sleepcap is moderately damaged.
The sleepcap releases spores at you.
You are engulfed in a cloud of soporific spores!
You are unaffected.
The sleepcap barely misses you.
You hit the sleepcap.
You punch the sleepcap, but do no damage.
The sleepcap is heavily damaged.
The sleepcap releases spores at you.
You hit the sleepcap but do no damage.
The sleepcap is heavily damaged.
The sleepcap releases spores at you. x2
You hit the sleepcap.
The sleepcap is severely damaged.
The sleepcap releases spores at you but does no damage.
You hit the sleepcap.
The sleepcap is almost destroyed.
The sleepcap releases spores at you but does no damage.
You hit the sleepcap.
The sleepcap is almost destroyed.
The sleepcap releases spores at you but does no damage.
The sleepcap releases spores at you!
You are engulfed in a cloud of soporific spores!
You fall asleep.
The sleepcap releases spores at you!
You wake up.
* * * LOW HITPOINT WARNING * * *
You hit the sleepcap but do no damage.
The sleepcap is almost destroyed.
The sleepcap barely misses you.
You hit the sleepcap but do no damage.
The sleepcap is almost destroyed.
The sleepcap releases spores at you but does no damage.
The sleepcap releases spores at you.
* * * LOW HITPOINT WARNING * * *
You are engulfed in a cloud of soporific spores!
You are unaffected.
It was a potion of attraction.
You feel attractive to monsters. The sleepcap releases spores at you.
You die...

..#..#..#....# #.#
....##..##....#### ..
....# ..........#
###.# ....#
..........##.#..##
###...
####.##.........# #
....# ###.#.........#
.
...####.............#
.. ...#......#>f....#
##.##...........@..#
#..#..#.....###..###
....#....#...#####
.#.......#....##
.#......#......##
.......##..#....#
...##......#..###
....).........#
..†))....#...##


You could see a sleepcap.

Vanquished Creatures
  An ogre (D:4)
  An orc priest (D:4)
  2 orc wizards (D:4)
  3 gnolls (D:3)
  3 adders (D:3)
  An ufetubus (D:4)
  4 dart slugs
  2 worms (D:3)
  6 orcs (D:4)
  2 bats (D:2)
  4 endoplasms
  9 giant cockroaches
  6 goblins
  8 hobgoblins
  4 jackals (D:1)
  4 kobolds
  A quokka (D:4)
  5 ball pythons
  2 frilled lizards
  3 rats
71 creatures vanquished.

Notes
Turn   | Place    | Note
-------+----------+-------------------------------------------
     0 | D:1      | Mickster the Hill Orc Berserker began the quest for the
                  | Orb.
     0 | D:1      | Reached XP level 1. HP: 19/19 MP: 1/1
   152 | D:1      | Reached XP level 2. HP: 26/27 MP: 2/2
   624 | D:1      | Reached XP level 3. HP: 33/33 MP: 3/3
  1117 | D:2      | Found Oneafu's Book Boutique.
  1140 | D:2      | Reached skill level 5 in Axes
  1197 | D:2      | Reached ** piety under Trog
  1267 | D:2      | Found a shimmering altar of Xom.
  1556 | D:3      | Reached XP level 4. HP: 41/41 MP: 4/4
  1671 | D:3      | Found Vinwiqeu's Jewellery Boutique.
  1931 | D:3      | Reached XP level 5. HP: 45/47 MP: 5/5
  2274 | D:4      | Noticed an ogre
  2281 | D:4      | Killed an ogre
  2282 | D:4      | Reached skill level 6 in Axes
  2518 | D:4      | Found Vahoh's Overcharged Wands.
  2859 | D:4      | Reached XP level 6. HP: 53/55 MP: 6/6
  2873 | D:4      | Found a stormy altar of Qazlal.
  2887 | D:4      | Found a glowing golden altar of the Shining One.
  2930 | D:4      | Reached skill level 7 in Axes
  2990 | D:4      | HP: 2/55 [sleepcap (5)]
  2991 | D:4      | Slain by a sleepcap

Illustrated notes

Levels and vault maps discovered:
D:1:      ncdulo_lavacross, layout_basic, chequers_serial_rivers_small_a,
          minmay_worlds_worst_comb
D:2:      minmay_wonky_spiral, layout_loops_cross, serial_shops,
          nicolae_shop_getting_attention, basic_altar
D:3:      layout_basic, serial_shops, shop
D:4:      layout_cave_pools, mainiacjoe_overflow_big_doors,
          nicolae_shop_overcharged_wands

Skill      XL: |  1  2  3  4  5  6 |
---------------+-------------------+-----
Fighting       | 4 |  4.9
Axes           | 5 6 7 |  7.5
Armour         | 3 |  3.6
Dodging        | |  1.8
Stealth        | |  0.1

Action                     |  1- 3 |  4- 6 || total
---------------------------+-------+-------++-------
  Melee: Hand axe          |    92 |   118 ||   210
         Punch             |     1 |     1 ||     2
 Invoke: Berserk           |     2 |     2 ||     4
         Trog's Hand       |       |     1 ||     1
    Use: Scroll            |     5 |     1 ||     6
         Potion            |     2 |     2 ||     4
 Armour: Ring mail         |     8 |       ||     8
         Chain mail        |     5 |       ||     5
         Plate armour      |    36 |    86 ||   122
  Dodge: Dodged            |    43 |    39 ||    82

Table legend: (Time is in decaauts)
 A = Elapsed time spent in this place.
 B = Non-inter-level travel time spent in this place.
 C = Inter-level travel time spent in this place.
 D = Time resting spent in this place.
 E = Time spent auto-exploring this place.
 F = Levels seen in this place.
 G = Mean time per level.
                   A        B        C        D        E       F      G
               +--------+--------+--------+--------+--------+-----+--------+
         Total |   3030 |   2958 |     72 |    217 |   1725 |   4 |  757.5 |
       Dungeon |   3030 |   2958 |     72 |    217 |   1725 |   4 |  757.5 |
               +--------+--------+--------+--------+--------+-----+--------+

Top non-repeatable levels by time:
     D:1: 812 daAuts
     D:3: 745 daAuts
     D:2: 741 daAuts
     D:4: 730 daAuts
